Map: Orbital Shipyard

Players

Shadow - Winner!

  • Race: Terran Terran
  • League: Platinum

ILLBdA

  • Race: Protoss Protoss
  • League: Diamond

VOD

Have the link to the VOD?

Description

Time

  • Played on: Dec. 21, 2015, 5:25 a.m.
  • Length: 8:51
Show
View Real Time Build Order
Export as new Build Order

Shadow Terran - Winner!

Build Orders: MMM Bio 

Get SALT Encoding   

  12  0:01  SCV  
  13  0:13  SCV  
  14  0:19  Supply Depot  
  14  0:25  SCV  
  15  0:41  SCV  
  16  0:42  Barracks  
  16  0:47  Refinery  
  16  0:53  SCV  
  17  1:09  SCV  
  18  1:22  SCV  
  19  1:31  Marine  
  19  1:32  Supply Depot  
  20  1:37  Orbital Command  
  20  1:42  Barracks  
  20  1:50  Marine  
  21  2:05  SCV  
  21  2:08  Marine  
  23  2:19  Command Center  
  23  2:26  SCV, Marine  
  25  2:30  Marine  
  26  2:38  SCV  
  26  2:42  Barracks  
  26  2:46  Marine  
  27  2:52  Barracks Tech Lab  
  27  2:54  SCV  
  28  2:59  Supply Depot  
  28  3:06  SCV  
  29  3:13  Stimpack  
  29  3:16  Marauder  
  31  3:20  SCV  
  31  3:23  Refinery  
  31  3:25  Marine  
  33  3:29  Barracks Tech Lab  
  33  3:32  SCV  
  34  3:39  Orbital Command  
  34  3:44  SCV  
  35  3:50  Marauder x2  
  39  3:56  SCV  
  39  4:00  Engineering Bay, Marine  
  41  4:04  SCV  
  41  4:09  SCV  
  43  4:11  Marauder  
  43  4:15  Marine  
  46  4:17  SCV  
  47  4:25  Supply Depot  
  47  4:26  Marine  
  47  4:30  Terran Infantry Weapons Level 1  
  48  4:32  Marauder  
  48  4:35  SCV  
  48  4:37  Missile Turret  
  51  4:41  SCV  
  52  4:46  Combat Shields, Factory  
  52  4:47  SCV  
  52  4:48  Marine  
  54  4:53  SCV  
  54  4:57  Supply Depot  
  54  4:59  SCV  
  54  5:07  Marine  
  54  5:11  SCV  
  54  5:17  Orbital Command  
  54  5:18  Supply Depot  
  53  5:23  SCV, Marauder, Marine  
  53  5:31  Marine  
  53  5:47  Factory Reactor  
  53  5:50  Command Center  
  53  5:51  Starport  
  53  5:54  SCV  
  53  5:55  SCV  
  55  6:06  SCV, Barracks Reactor  
  55  6:07  SCV  
  55  6:08  Marine  
  55  6:09  Marine  
  59  6:16  Refinery  
  59  6:18  SCV  
  59  6:19  SCV  
  61  6:26  Marine x2  
  61  6:30  SCV  
  61  6:31  SCV  
  65  6:42  SCV  
  65  6:43  SCV, Marine  
  65  6:44  Marine  
  65  6:45  Marauder  
  71  6:50  Armory  
  71  6:52  Supply Depot  
  71  6:53  Factory Tech Lab  
  71  6:54  Medivac x2  
  71  6:59  SCV  
  71  7:01  Refinery  
  76  7:03  Supply Depot, Planetary Fortress  
  76  7:04  Supply Depot  
  76  7:07  Missile Turret, Marine  
  76  7:08  Marine  
  78  7:16  Barracks  
  78  7:21  Marine  
  79  7:24  SCV, Medivac  
  79  7:25  Siege Tank  
  85  7:30  SCV  
  85  7:36  SCV  
  87  7:42  SCV  
  88  7:45  Engineering Bay  
  88  7:46  Marine  
  88  7:50  SCV  
  90  7:52  Missile Turret, Marine  
  90  7:55  SCV x2  
  93  7:59  Medivac x2  
  93  8:01  Concussive Shells  
  97  8:06  Barracks Tech Lab  
  97  8:07  SCV  
  98  8:13  SCV  
  98  8:17  Marine x2  
  98  8:18  Missile Turret, Marine  
  102  8:20  SCV  
  102  8:22  SCV, Refinery  
  102  8:23  Marine  
  102  8:25  Refinery  
Show
View Real Time Build Order
Export as new Build Order

ILLBdA Protoss 

Build Orders: 1 Gate Expand 

Get SALT Encoding   

  12  0:01  Probe (Chrono Boost)  
  13  0:12  Probe (Chrono Boost)  
  14  0:19  Pylon  
  14  0:22  Probe (Chrono Boost)  
  15  0:37  Gateway, Probe (Chrono Boost)  
  16  0:43  Assimilator  
  16  0:48  Probe (Chrono Boost)  
  17  0:59  Probe (Chrono Boost)  
  18  1:09  Probe (Chrono Boost)  
  19  1:20  Probe (Chrono Boost)  
  19  1:25  Cybernetics Core  
  20  1:34  Probe (Chrono Boost), Nexus  
  21  1:43  Assimilator  
  21  1:45  Probe (Chrono Boost)  
  22  1:51  Pylon  
  22  1:55  Probe (Chrono Boost)  
  23  2:01  Warp Gate  
  23  2:09  Adept (Chrono Boost)  
  23  2:10  Probe  
  28  2:22  Mothership Core (Chrono Boost)  
  28  2:31  Pylon  
  28  2:33  Stalker  
  30  2:41  Probe (Chrono Boost)  
  31  2:47  Robotics Facility  
  31  2:52  Probe x2 (Chrono Boost)  
  33  3:03  Probe (Chrono Boost)  
  33  3:04  Probe (Chrono Boost)  
  35  3:19  Gateway x2  
  35  3:21  Gateway  
  35  3:24  Sentry  
  37  3:31  Gateway  
  37  3:38  Warp Prism  
  39  3:49  Gateway  
  39  3:59  Probe (Chrono Boost)  
  39  4:00  Pylon  
  40  4:05  Adept  
  42  4:20  Adept x3  
  48  4:26  Probe (Chrono Boost)  
  48  4:28  Immortal (Chrono Boost)  
  48  4:30  Probe  
  54  4:45  Pylon  
  54  4:52  Probe  
  55  5:01  Adept x3  
  55  5:05  Adept x2  
  59  5:16  Adept  
  61  5:24  Immortal (Chrono Boost)  
  51  5:29  Twilight Council  
  51  5:30  Pylon  
  51  5:32  Probe  
  51  5:34  Probe  
  48  5:36  Assimilator  
  48  5:37  Assimilator  
  48  5:40  Sentry x2  
  53  5:44  Probe  
  53  5:45  Probe  
  55  5:56  Probe  
  56  6:05  Blink (Chrono Boost)  
  56  6:06  Stalker  
  56  6:07  Adept  
  56  6:10  Probe  
  61  6:13  Pylon  
  61  6:15  Stalker  
  63  6:19  Stalker  
  63  6:20  Probe  
  63  6:22  Probe  
  67  6:26  Stalker  
  67  6:32  Stalker  
  71  6:39  Stalker  
  73  6:41  Stalker  
  75  6:50  Stalker  
  75  6:51  Stalker, Pylon  
  79  6:58  Stalker  
  81  7:02  Stalker  
  81  7:06  Stalker  
  85  7:11  Warp Prism  
  87  7:17  Stalker  
  89  7:24  Stalker  
  89  7:27  Stalker  
  93  7:37  Pylon  
  93  7:45  Pylon  
  93  7:47  Probe  
  94  7:57  Stalker x3  
  100  8:21  Probe  
  100  8:24  Pylon x2  
  101  8:31  Stalker x4  
Tags
 
Composition
MMM Bio
Matchup
PvT
Replay Pack
me
Add a new tag
Caveats
  • Supply blocks, unpowered buildings, or Contaminate may cause inaccurate times.
  • Supply counts are checked every 10 seconds.